 Dungeon Crawl Stone Soup version 0.24-a0-439-g6dd8730de2 (webtiles) character file.

Game seed: 17585835093904475725

83 tilp the Grave Robber (level 4, 0/33 HPs)
             Began as a Hill Orc Necromancer on June 18, 2019.
             Succumbed to Terence's poison
             ... on level 3 of the Dungeon.
             The game lasted 00:07:12 (2354 turns).

tilp the Grave Robber (Hill Orc Necromancer)        Turns: 2354, Time: 00:07:13

Health: 0/33       AC:  2    Str: 10    XL:     4   Next: 44%
Magic:  2/6        EV: 12    Int: 16    God:
Gold:   97         SH:  0    Dex: 11    Spells: 1/6 levels left

rFire    . . .     SeeInvis .   d - +0 dagger
rCold    . . .     Gourm    .   (no shield)
rNeg     . . .     Faith    .   a - +0 robe
rPois    .         Spirit   .   (no helmet)
rElec    .         Reflect  .   (no cloak)
rCorr    .         Harm     .   (no gloves)
MR       .....                  (no boots)
Stlth    ++........             (no amulet)
HPRegen  0.11/turn              (no ring)
MPRegen  0.10/turn              (no ring)

@: lethally poisoned (0 -> -9)
A: no striking features
a: no special abilities


You were on level 3 of the Dungeon.
You were very hungry.

You visited 1 branch of the dungeon, and saw 3 of its levels.

You collected 97 gold pieces.

Inventory:

Hand Weapons
 d - a +0 dagger (weapon)
Missiles
 i - 78 stones (quivered)
Armour
 a - a +0 robe (worn)
Scrolls
 b - a scroll of identify {unknown}
 h - 2 scrolls of remove curse {unknown}
 k - a scroll of blinking {unknown}
 m - a scroll of random uselessness {unknown}
 n - a scroll of enchant armour {unknown}
 o - a scroll of magic mapping {unknown}
 s - a scroll of immolation {unknown}
Potions
 e - a potion of might {unknown}
 f - 2 potions of degeneration {unknown}
 g - a potion of haste {unknown}
 j - 3 potions of brilliance {unknown}
 l - a potion of berserk rage {unknown}
 p - a potion of curing
 r - a potion of heal wounds {unknown}
Comestibles
 c - 3 rations


   Skills:
 - Level 1.5 Dodging
 - Level 1.5 Stealth
 - Level 1.5 Spellcasting
 + Level 5.8 Necromancy


You had one spell level left.
You knew the following spells:

 Your Spells              Type           Power        Failure   Level  Hunger
a - Pain                  Necr           ###.         1%          1    ##.....
b - Animate Skeleton      Necr           N/A          1%          1    ##.....
c - Vampiric Draining     Necr           ###.......   6%          3    ####...

Your spell library contained the following spells:

 Spells                   Type           Power        Failure   Level  Hunger
 Regeneration             Chrm/Necr      ##........   21%         3    ####...
 Animate Dead             Necr           N/A          21%         4    #####..


Dungeon Overview and Level Annotations

Branches:
Dungeon (3/15)

Altars:
Uskayaw

Annotations:
D:3 Terence


Message History

* * * LOW HITPOINT WARNING * * *
A kobold comes into view.
There is a stone staircase leading up, spattered with blood here.
* * * LOW HITPOINT WARNING * * *
You feel sick.
* * * LOW HITPOINT WARNING * * *
You feel sick.
* * * LOW HITPOINT WARNING * * *
You feel sick.
* * * LOW HITPOINT WARNING * * *
You feel sick.
There is a stone staircase leading up here.
Terence hits you with a +1 falchion of venom.
* * * LOW HITPOINT WARNING * * *
You are more poisoned.
* * * LOW HITPOINT WARNING * * *
You feel sick.
* * * LOW HITPOINT WARNING * * *
You feel sick.
You die...

### ##.. #...
#..#####
#....@<##
#..#o#.g#
#..#.#..#
#..@K...#
#.##.#.##
######.##.#.#
#.........<.##
..#.####.......#
.(.....#..#.##.#
..@..K(...#.#
...
...)..K#....#
.###
..#............#


You could see Terence, an orc and a kobold.

Vanquished Creatures
  3 adders
  4 dart slugs
  3 leopard geckos (D:1)
  6 bats
  A giant cockroach (D:2)
  5 goblins
  4 hobgoblins (D:2)
  2 jackals (D:2)
  12 kobolds
  2 frilled lizards (D:1)
  4 rats
46 creatures vanquished.

Vanquished Creatures (collateral kills)
  A rat (D:2)
1 creature vanquished.

Vanquished Creatures (others)
  A plant (D:1)
1 creature vanquished.

Grand Total: 48 creatures vanquished

Notes
Turn   | Place    | Note
-------+----------+-------------------------------------------
     0 | D:1      | tilp the Hill Orc Necromancer began the quest for the Orb.
     0 | D:1      | Reached XP level 1. HP: 14/14 MP: 3/3
   330 | D:1      | Learned a level 1 spell: Animate Skeleton
   455 | D:1      | Reached XP level 2. HP: 18/20 MP: 1/4
   993 | D:1      | Reached XP level 3. HP: 26/26 MP: 3/5
   999 | D:1      | Reached skill level 5 in Necromancy
  1676 | D:2      | Found a hide-covered altar of Uskayaw.
  1798 | D:2      | Reached XP level 4. HP: 20/33 MP: 1/6
  2129 | D:2      | Learned a level 3 spell: Vampiric Draining
  2315 | D:3      | Noticed Terence
  2352 | D:3      | HP: 1/33 [poisoned by Terence]
  2354 | D:3      | Succumbed to Terence's poison

Levels and vault maps discovered:
D:1:      giann_horns, layout_rooms, lexackson_kobold_supper
D:2:      layout_loops_ring, nicolae_overflow_crystal_walls, minmay_circle_x
D:3:      layout_loops_cross, lemuel_doored_altar, overflow_temple_1_default,
          minmay_fountain_box, minmay_misc_feat_plants, uniq_natasha,
          uniq_terence

Skill      XL: |  1  2  3 |
---------------+----------+-----
Necromancy     | 5 |  5.8
Dodging        | |  1.5
Stealth        | |  1.5
Spellcasting   | |  1.5

Action                   |  1- 3 |  4- 6 || total
-------------------------+-------+-------++-------
Melee: Dagger            |    28 |     8 ||    36
Throw: Stone             |       |     1 ||     1
 Cast: Pain              |    58 |    16 ||    74
       Animate Skeleton  |     5 |     1 ||     6
 Stab: Sleeping          |     3 |     2 ||     5
  Eat: Chunk             |     4 |     1 ||     5
Armor: Robe              |    11 |     2 ||    13
Dodge: Dodged            |    25 |     7 ||    32

Table legend:
 A = Non-vault XP
 B = Vault XP
 C = Vault XP percentage of total XP
 D = Non-vault monster count
 E = Vault monster count
 F = Vault count percentage of total count
                 A         B        C        D         E       F
            +---------+---------+-------+---------+---------+-------
      Total |     101 |      18 |  15.1 |      35 |      12 |  25.5
            +---------+---------+-------+---------+---------+-------
        D:1 |      27 |      12 |  30.8 |      15 |       8 |  34.8
        D:2 |      59 |       6 |   9.2 |      18 |       4 |  18.2
        D:3 |      15 |       0 |   0.0 |       2 |       0 |   0.0
            +---------+---------+-------+---------+---------+-------
